 Zot Defence DCSS version 0.15.2 (webtiles) character file.

1127 kosy22 the Cudgeler (level 8, -3/42 HPs)
             Began as a Tengu Summoner on Aug 26, 2015.
             Slain by a giant frog (8 damage)
             ... in the Realm of Zot (Scenario IV: Columnade).
             The game lasted 00:10:11 (883 turns).

kosy22 the Cudgeler (Tengu Summoner)                 Turns: 883, Time: 00:10:11

HP  -3/42        AC  2     Str  9      XL: 8   Next: 35%
MP  15/20        EV 13     Int 16      God:
Gold 0           SH  0     Dex 16      Spells:  4 memorised,  5 levels left

rFire  . . .     SeeInvis .     i - +0 club
rCold  . . .     Clarity  .     a - +0 robe
rNeg   . . .     rCorr    .     (no shield)
rPois  .         rRot     .     (helmet restricted)
rElec  .         Spirit   .     (no cloak)
SustAb .         Warding  .     (no gloves)
rMut   .         Stasis   .     (boots unavailable)
Gourm  .                        (no amulet)
MR     .....                    (no ring)
                                (no ring)

@: not resistant to hostile enchantments, unstealthy
A: able to fly, beak, talons 3
a: Make oklob sapling, Make arrow trap, Make plant, Remove Curse, Make burning
bush, Make altar, Make grenades, Make oklob plant, Make net trap, Fly


You were in the Realm of Zot.
You were not hungry.

You visited 1 branch

Inventory:

Hand weapons
 i - a +0 club (weapon)
Armour
 a - a +0 robe (worn)
Comestibles
 d - a bread ration
Potions
 c - 3 potions of curing
 e - a potion of heal wounds
 f - a potion of haste
 g - 2 potions of magic
 h - a potion of berserk rage
Books
 b - a book of Callings

   Spells                             Type                      Level
   *Summon Small Mammal               Summoning                    1
   *Call Imp                          Summoning                    2
   *Call Canine Familiar              Summoning                    3
   *Summon Guardian Golem             Hexes/Summoning              4
   Summon Lightning Spire             Summoning/Air                4
   Summon Ice Beast                   Ice/Summoning                4


   Skills:
 - Level 0.6 Fighting
 + Level 5.8 Maces & Flails
 - Level 2.1 Dodging
 - Level 2.0 Stealth
 + Level 4.6 Unarmed Combat
 - Level 4.0 Spellcasting
 + Level 3.5 Hexes
 - Level 5.0 Summonings


You had 5 spell levels left.
You knew the following spells:

 Your Spells              Type           Power        Failure   Level  Hunger
a - Summon Small Mammal   Summ           ###.         1%          1    None
b - Call Imp              Summ           ###.....     3%          2    ##.....
c - Call Canine Familiar  Summ           ###.....     8%          3    ###....
d - Summon Guardian Gole  Hex/Summ       ###.....     34%         4    ####...


Dungeon Overview and Level Annotations

Branches:
    Zot (1/1)

Altars:


Innate Abilities, Weirdness & Mutations

You can fly.
You have a beak for a mouth.
You have claws for feet.


Message History

You have reached level 7!
Your Zot abilities now extend through the making of oklob plants.
A spiny frog comes into view.
Learuk is engulfed in roaring flames.
Learuk dies!
Your Maces & Flails skill increases to level 5!
Your Unarmed Combat skill increases to level 4!
Your Hexes skill increases to level 3!
You have reached level 8!
You feel agile.
Your Zot abilities now extend through the making of net traps.
The spiny frog is engulfed in roaring flames.
The spiny frog is engulfed in roaring flames.
The spiny frog dies!
A giant frog comes into view.
You closely miss the giant frog. You peck the giant frog.
The giant frog is moderately wounded.
The spiny frog is engulfed in roaring flames.
The giant frog hits you!
You die...

▓):}▓ ▓▓... ▓[::▓
▓▓.. ▓▓▓▓▓ ▓▓. ▓▓▓▓▓
▓▓▓ ▓▓▓▓▓ ▓▓ ▓...▓▓
▓▓▓ ▓▓gZh▓ ▓
▓....▓▓▓▓▓▓▓▓▓▓glKs▓
▓.........§F§llrKJb▓
▓▓........§.§lbr9h▓▓
▓▓.....F@...gJZJ▓▓
▓....▓▓▓▓▓▓▓Bgl▓
▓....▓


▓hgh▓ ▓....▓ ▓bJb▓ ▓....▓ ▓...▓ ▓▓▓▓▓....▓▓▓▓▓ ▓.).▓ ▓............▓ ▓...▓
▓..▓......▓..▓ ▓...▓ ▓▓ ▓............▓ ▓...▓ ▓. You could see a goliath beetle,
a spiny frog, Psiuzaip the gargoyle, a giant frog, 2 oozes, a gnoll, a goblin
zombie, 2 giant geckos, a jackal, 3 hobgoblins, a bat, a kobold, 3 giant newts
and 2 rats.

Vanquished Creatures
  Ijyb (Zot)
  A gnoll (Zot)
  A kobold (Zot)
  A giant gecko (Zot)
  A giant newt (Zot)
  2 goblins (Zot)
  A goblin zombie (Zot)
  3 rats (Zot)
11 creatures vanquished.

Vanquished Creatures (collateral kills)
  A crimson imp (Zot)
  A shadow imp (Zot)
  9 bats (Zot)
  4 bat zombies (Zot)
  2 giant cockroaches (Zot)
  A giant newt (Zot)
  5 goblins (Zot)
  4 goblin zombies (Zot)
  2 kobolds (Zot)
  2 kobold zombies (Zot)
  6 rats (Zot)
  4 rat zombies (Zot)
41 creatures vanquished.

Vanquished Creatures (others)
  A troll (Zot)
  A spiny frog (Zot)
  An orc warrior (Zot)
  A guardian golem (Zot)
  3 hounds (Zot)
  A white imp (Zot)
  3 bats (Zot)
  A quokka (Zot)
12 creatures vanquished.

Grand Total: 64 creatures vanquished

Notes
Turn   | Place    | Note
--------------------------------------------------------------
     0 | Zot      | kosy22, the Tengu Summoner, began the quest for the Orb.
     0 | Zot      | Reached XP level 1. HP: 10/10 MP: 3/3
   212 | Zot      | Reached skill level 5 in Summonings
   228 | Zot      | Reached XP level 2. HP: 12/15 MP: 5/5
   232 | Zot      | Learned a level 2 spell: Call Imp
   298 | Zot      | Noticed Ballar
   308 | Zot      | Reached XP level 3. HP: 19/19 MP: 7/7
   315 | Zot      | Learned a level 3 spell: Call Canine Familiar
   338 | Zot      | Killed Ballar the crimson imp
   338 | Zot      | Reached skill level 1 in Unarmed Combat
   338 | Zot      | Reached XP level 4. HP: 22/24 MP: 3/10
   412 | Zot      | Noticed Learuk
   422 | Zot      | Learned a level 4 spell: Summon Guardian Golem
   601 | Zot      | Noticed Psiuzaip
   724 | Zot      | Noticed Ijyb
   748 | Zot      | Reached XP level 5. HP: 28/28 MP: 12/15
   812 | Zot      | Killed Ijyb
   821 | Zot      | Noticed Galih
   828 | Zot      | Reached skill level 1 in Maces & Flails
   828 | Zot      | Reached skill level 1 in Hexes
   872 | Zot      | Noticed a spiny frog
   879 | Zot      | Killed Galih the troll
   879 | Zot      | Reached XP level 6. HP: 5/33 MP: 13/17
   879 | Zot      | Reached XP level 7. HP: 5/37 MP: 13/18
   880 | Zot      | Noticed a spiny frog
   880 | Zot      | Killed Learuk the orc warrior
   880 | Zot      | Reached skill level 5 in Maces & Flails
   880 | Zot      | Reached XP level 8. HP: 5/42 MP: 14/20
   881 | Zot      | Killed a spiny frog
   883 | Zot      | Slain by a giant frog

Action                   |  1- 3 |  4- 6 |  7- 9 || total
-------------------------+-------+-------+-------++-------
Melee: Unarmed           |     9 |       |       ||     9
       Club              |       |    79 |     1 ||    80
 Cast: Summon Small Mamm |     1 |     4 |       ||     5
       Call Imp          |     2 |     2 |       ||     4
       Call Canine Famil |     2 |     3 |       ||     5
       Summon Guardian G |       |     2 |       ||     2
  Use: Scroll            |     1 |       |       ||     1
